cohdb
Replays
Latest Replays
All Replays
Popular Replays
Top Player Replays
Match Explorer
How It Works
Community
CoH3 Stats
Reddit
Sign in to upload your games and track your stats! →
Sign in with Steam
Match 45161768
Unlisted
Match 45161768
Overview
Messages
Build Orders
End
Construct Section Command Post
Vickers Machine Gun Team
Infantry Section
Infantry Section
Construct Platoon Command Post
Forward Retreat Point
CMP 15cwt Truck
Selects Canadian Shock Battlegroup
Selects Attacking Spirit
Selects Incendiary Munitions
Selects Canadian Shock Section
Grenade Package
Team Weapon Training
Selects Pyrotechnics
Humber Armored Car
Light Vehicle Training
Infantry Training
CMP 15cwt Truck
Construct Company Command Post
Armored Vehicle Training
Selects Churchill Crocodile Heavy Tank
Churchill Crocodile Heavy Tank
Selects Smoke Operation
Canadian Shock Section
Canadian Shock Section
Canadian Shock Section
Smoke Operation
go4victory
饭都花园突破手
tzimypepp
Boss|Three
xmlagu
不可接触
0
0
Comments
sign in to comment!
No comments posted yet!